 Dungeon Crawl Stone Soup version 0.28-b1-25-g9875b3fc8c (webtiles) character file.

Game seed: 11717182009373391653

52 croobank the Cutter (level 3, -1/29 HPs)
             Began as a Vampire Berserker on Feb 1, 2022.
             Was a Believer of Trog.
             Slain by a gnoll shaman (9 damage)
             ... on level 3 of the Dungeon.
             The game lasted 00:05:34 (1994 turns).

croobank the Cutter (Vampire Berserker)             Turns: 1994, Time: 00:05:35

Health: -1/29      AC:  6    Str: 18    XL:     3   Next: 60%
Magic:  3/3        EV: 12    Int:  9    God:    Trog [**....]
Gold:   140        SH:  0    Dex: 13    Spells: 2/2 levels left

rFire   . . .      SeeInvis +   a - +0 short sword
rCold   . . .      Faith    .   (no shield)
rNeg    . . .      Spirit   .   b - +0 animal skin
rPois   .          Reflect  .   (no helmet)
rElec   .          Harm     .   (no cloak)
rCorr   .          Rampage  .   (no gloves)
Will    .....                   (no boots)
Stlth   +.........              (no amulet)
HPRegen 0.29/turn               g - +4 ring of protection
MPRegen 0.08/turn               (no ring)

@: lit by a corona, on berserk cooldown, healing quickly, slowed, glowing, very
slow
A: alive, fangs 3, see invisible, vampiric 2
a: Exsanguinate, Renounce Religion, Berserk, Trog's Hand


You were on level 3 of the Dungeon.
You worshipped Trog.
Trog was pleased with you.
You visited 1 branch of the dungeon, and saw 3 of its levels.

You collected 140 gold pieces.

Inventory:

Hand Weapons
 a - a +0 short sword (weapon)
Missiles
 h - 15 sling bullets
Armour
 b - a +0 animal skin (worn)
Jewellery
 g - a +4 ring of protection (left hand)
Scrolls
 c - a scroll of fear {unknown}
 f - a scroll of noise {unknown}
Potions
 d - a potion of attraction {unknown}
 e - a potion of resistance {unknown}


   Skills:
 + Level 3.2 Fighting
 + Level 4.1 Short Blades
 + Level 1.7 Armour
 + Level 2.8 Dodging
 + Level 0.7 Stealth


You had 2 spell levels left.
You didn't know any spells.
Your spell library contained the following spells:

 Spells                   Type           Power      Damage    Failure   Level
 Slow                     Hex            0%         N/A       38%         1
 Call Canine Familiar     Summ           0%         N/A       77%         3
 Confusing Touch          Hex            0%         N/A       77%         3
 Portal Projectile        Hex/Tloc       0%         N/A       77%         3
 Vampiric Draining        Necr           0%         2d6       77%         3
 Leda's Liquefaction      Hex/Erth       0%         N/A       99%         4


Dungeon Overview and Level Annotations

Branches:
Dungeon (3/15)

Altars:

Shops:
D:3 *


Innate Abilities, Weirdness & Mutations

Your natural rate of healing is accelerated.
You have razor-sharp teeth.
You have supernaturally acute eyesight. (SInv)
You are afflicted with vampirism and can become a bat while bloodless.


Message History

Trog accepts your kill. The gnoll closely misses you.
The gnoll shaman barely misses you. The gnoll hits you with a +0 club.
The gnoll closely misses you.
You hit the gnoll shaman.
The gnoll shaman is lightly wounded.
The gnoll hits you but does no damage.
The gnoll shaman hits you with a +0 club.
The gnoll hits you with a +0 club. The gnoll shaman barely misses you.
The gnoll misses you.
You hit the gnoll shaman. You bite the gnoll shaman.
The gnoll shaman is heavily wounded.
The gnoll misses you. The gnoll hits you with a +0 club.
The gnoll shaman hits you with a +0 club.
You closely miss the gnoll shaman.
The gnoll shaman is heavily wounded.
The gnoll completely misses you. The kobold hits you but does no damage.
The gnoll shaman barely misses you. The gnoll hits you with a +0 club. x2
The kobold barely misses you.
You barely miss the kobold. You bite the kobold.
You kill the kobold!
Trog accepts your kill. The gnoll hits you with a +0 club.
The gnoll shaman misses you. The gnoll hits you with a +0 club.
The gnoll completely misses you.
The gnoll shaman hits you with a +0 club.
You hit the gnoll shaman.
The gnoll shaman is severely wounded.
The gnoll closely misses you. The gnoll hits you but does no damage.
The gnoll shaman invokes the aid of its god against you.
You are outlined in light.
You hit the gnoll shaman but do no damage.
You bite the gnoll shaman, but do no damage.
The gnoll shaman is severely wounded.
The gnoll hits you but does no damage. x2
The gnoll shaman hits you with a +0 club.
* * * LOW HITPOINT WARNING * * *
The gnoll barely misses you.
You hit the gnoll shaman.
The gnoll shaman is severely wounded.
The gnoll shaman hits you with a +0 club!
You die...

##### ###....
..≈....
.≈.≈...######
≈...≈..<....##
..∩.K≈.....(.#
≈...≈..####..#
.≈.§... #))#
..≈.... #g@#
#####.. #gg#
... ....#
..........#
#####..# #..#
#... #...


You could see a gnoll shaman and 2 gnolls.

Vanquished Creatures
  A gnoll (D:3)
  A worm (D:1)
  A dart slug (D:2)
  2 ball pythons
  3 bats
  2 endoplasms (D:1)
  A giant cockroach (D:1)
  4 goblins
  6 hobgoblins
  6 kobolds
  2 quokkas
  2 frilled lizards
  3 rats
34 creatures vanquished.

Vanquished Creatures (others)
  A plant (D:2)
  4 withered plants (D:2)
5 creatures vanquished.

Grand Total: 39 creatures vanquished

Notes
Turn   | Place    | Note
-------+----------+-------------------------------------------
     0 | D:1      | croobank the Vampire Berserker began the quest for the Orb.
     0 | D:1      | Reached XP level 1. HP: 17/17 MP: 1/1
   325 | D:1      | Reached XP level 2. HP: 23/23 MP: 2/2
  1192 | D:1      | Reached ** piety under Trog
  1584 | D:1      | Gained mutation: You are afflicted with vampirism and can
                  | become a bat while bloodless. [Vampire growth]
  1584 | D:1      | Reached XP level 3. HP: 11/29 MP: 3/3
  1726 | D:2      | Found a faded altar of an unknown god.
  1905 | D:2      | Reached skill level 4 in Short Blades
  1976 | D:3      | Found Ruamit's Assorted Antiques.
  1994 | D:3      | Slain by a gnoll shaman

Illustrated notes

Levels and vault maps discovered:
D:1:      co_arrival_random_square_maze, layout_loops_corners,
          serial_co_window_serial, co_window_of_opportunity_a,
          co_window_paths_a, co_window_corner_a, co_window_paths_a,
          co_window_paths_b, co_window_cross_4, co_window_corner_b,
          co_window_paths_c, co_window_corner_cb, glass_columns_b,
          due_unseen_surprise
D:2:      layout_rooms, shapermc_ecumenical_altar_flowoftime
D:3:      layout_loops_ring, general_overflow_altar, serial_shops,
          nicolae_diamond_shop, ebering_ghost_rock_garden,
          minmay_close_crescents, uniq_sigmund

Skill      XL: |  1  2  3 |
---------------+----------+-----
Fighting       | 3 |  3.2
Short Blades   | 4 |  4.1
Armour         | |  1.7
Dodging        | |  2.8
Stealth        | |  0.7

Action                   || total
-------------------------++-------
Melee: Short sword       ||   114
       Bite              ||    11
       Punch             ||     1
Invok: Berserk           ||     2
Armor: Animal skin       ||    18
Dodge: Dodged            ||    79
